 Dungeon Crawl Stone Soup version 0.19.1-1-g22dce08 (webtiles) character file.

4586 ImaNewbie the Covert (level 10, -6/50 HPs)
             Began as a Kobold Enchanter on Jan 8, 2017.
             Was a Believer of Dithmenos.
             Mangled by a seven-headed hydra (7 damage)
             ... on level 9 of the Dungeon.
             The game lasted 00:51:52 (10939 turns).

ImaNewbie the Covert (Kobold Enchanter)            Turns: 10939, Time: 00:51:52

Health: -6/50      AC:  9    Str:  7    XL:     10   Next: 68%
Magic:  16/22      EV: 19    Int: 16    God:    Dithmenos [**....]
Gold:   85         SH:  0    Dex: 18    Spells: 5 memorised, 1 level left

rFire  . . .     SeeInvis .     a - +2 short sword (venom)
rCold  . . .     Gourm    .     L - +2 robe of Uskayaw's Hope {MR++ MP+9 Stlth+}
rNeg   . . .     Faith    .     (shield restricted)
rPois  .         Spirit   .     (no helmet)
rElec  .         Reflect  .     J - +1 cloak
rCorr  .         Harm     .     (no gloves)
MR     +++..                    y - +2 pair of boots
Stlth  ++++++++..               (no amulet)
                                G - ring of protection from magic
                                j - ring of wizardry

@: wreathed by umbra
A: carnivore 3
a: Shadow Step, Renounce Religion


You were on level 9 of the Dungeon.
You worshipped Dithmenos.
Dithmenos was pleased with you.
You were very full.

You visited 2 branches of the dungeon, and saw 10 of its levels.
You also visited: Sewer.

You collected 402 gold pieces.
You spent 317 gold pieces at shops.

Inventory:

Hand Weapons
 a - a +2 short sword of venom (weapon)
 b - a +0 blowgun
 l - a +1 vampiric short sword
Missiles
 f - 28 bolts
 w - 5 poisoned needles
Armour
 y - a +2 pair of boots (worn)
 E - a +0 buckler
 J - a +1 cloak (worn)
 L - the +2 robe of Uskayaw's Hope (worn) {MR++ MP+9 Stlth+}
   (You bought it in a shop on level 4 of the Dungeon)

   It affects your resistance to hostile enchantments.
   It affects your magic capacity (+9).
   It makes you more stealthy.
Jewellery
 j - a ring of wizardry (left hand)
 G - a ring of protection from magic (right hand)
 P - an uncursed ring of magical power {unknown}
Wands
 D - a wand of confusion (48/48)
 O - a wand of enslavement (12/24)
Scrolls
 e - 2 scrolls of enchant armour
 g - a scroll of teleportation
 o - 2 scrolls of amnesia
 r - 2 scrolls of identify
 t - a scroll of vulnerability {unknown}
 v - 3 scrolls of enchant weapon
 B - a scroll of fear {unknown}
 H - a scroll of noise {unknown}
 I - a scroll of acquirement {unknown}
 K - a scroll of torment {unknown}
 M - 3 scrolls of holy word {unknown}
 N - a scroll of recharging
 Q - a scroll of summoning {unknown}
Potions
 h - 7 potions of heal wounds
 i - 2 potions of mutation {unknown}
 k - a potion of berserk rage {unknown}
 m - 5 potions of curing {unknown}
 n - 4 potions of agility {unknown}
 p - a potion of flight {unknown}
 s - a potion of cancellation {unknown}
 u - 2 potions of brilliance
 A - 7 potions of might
 F - a potion of haste {unknown}
 R - a potion of lignification {unknown}
Books
 c - a book of Maledictions

   Spells                             Type                      Level
   a - Corona                         Hexes                        1
   b - Ensorcelled Hibernation        Hexes/Ice                    2
   c - Confuse                        Hexes                        3
   d - Tukima's Dance                 Hexes                        3
   e - Dazzling Spray                 Conjuration/Hexes            3
Comestibles
 d - 3 meat rations
 q - a royal jelly
 x - 3 beef jerkies
 z - 13 chunks of flesh
 C - 8 slices of pizza


   Skills:
 - Level 5.5 Short Blades
 + Level 6.5 Dodging
 + Level 13.1 Stealth
 - Level 2.1 Spellcasting
 + Level 10.2 Hexes


You had one spell level left.
You knew the following spells:

 Your Spells              Type           Power        Failure   Level  Hunger
a - Corona                Hex            ####...      1%          1    #......
b - Ensorcelled Hibernat  Hex/Ice        ###...       1%          2    ###....
c - Tukima's Dance        Hex            ####....     1%          3    ###....
d - Confuse               Hex            ####....     1%          3    ###....
e - Dazzling Spray        Conj/Hex       ###...       4%          3    ###....


Dungeon Overview and Level Annotations

Branches:
Dungeon (9/15)             Temple (1/1) D:6
   Lair: D:8-11         Orc: D:9-12

Altars:
Ashenzari
Cheibriados
Dithmenos
Elyvilon
Fedhas
Gozag
Hepliaklqana
Kikubaaqudgha
Makhleb
Nemelex Xobeh
Okawaru
Qazlal
Ru
Sif Muna
Trog
Uskayaw
Vehumet
Xom
Yredelemnul
Zin
The Shining One

Shops:
D:4 [

Annotations:
D:2 exclusion: kobold
D:4 exclusion: downstairs
D:5 exclusion: centaur, Grinder
D:6 dig
D:7 exclusion: downstairs


Innate Abilities, Weirdness & Mutations

You are small and have problems with some larger weapons.
You are carnivorous and can eat meat at any time.


Message History

Unknown command.
Casting: Dazzling Spray
Confirm with . or Enter, or press ? or * to list all spells.
Okay, then.
Unknown command.
Casting: Dazzling Spray
Confirm with . or Enter, or press ? or * to list all spells.
Aiming: Confuse
Press: ? - help, Shift-Dir - straight line, f/p - seven-headed hydra
Aim: a seven-headed hydra (severely wounded, umbra, chance to defeat MR: 28%)
The seven-headed hydra easily resists.
Something hits you.
Deactivating autopickup; reactivate with Ctrl-A.
The seven-headed hydra closely misses you.
The seven-headed hydra bites you!
* * * LOW HITPOINT WARNING * * *
The seven-headed hydra barely misses you.
The seven-headed hydra bites you!
* * * LOW HITPOINT WARNING * * *
The seven-headed hydra bites you!
You die...

#....# #.#..#..#..#
#....# #.#..#D@'..#
#....# #.##'#+##'##
#....# #.#..# #..#
#....# #.#..# #..#
#>...# #.##'####'##
#....#### #^.'..'.)#
##.........#..#..#..#
...........##########
...........
#.#####..## #.# #.#
#÷## ..# #..# .#
##.### ...†P###
.P.P...##


You could see a seven-headed hydra.

Vanquished Creatures
  The ghost of senny the Grappler, a novice TrBe of Trog (D:8)
  A hippogriff (D:8)
  A redback (D:9)
  A human (D:7)
  2 yaks
  3 hogs (D:7)
  A wyvern (D:9)
  A steam dragon (D:7)
  2 orc warriors
  3 ice beasts
  A centaur (D:8)
  3 phantoms
  A necrophage (D:6)
  4 ogres
  A big kobold (Sewer)
  A crocodile (D:9)
  A gnoll sergeant (D:8)
  A water moccasin zombie (D:8)
  A wyvern skeleton (D:6)
  3 howler monkeys
  A crimson imp (D:5)
  A bullfrog zombie (D:8)
  3 orc priests
  2 bullfrog skeletons
  2 hounds
  3 iguanas
  3 orc wizards (D:6)
  7 worker ants
  A hound skeleton (D:5)
  2 worker ant zombies
  7 river rats
  7 adders
  2 gnolls (D:8)
  A shadow imp (D:6)
  An ooze (Sewer)
  An adder zombie (D:6)
  2 worms (D:2)
  7 leopard geckos
  11 orcs
  3 giant cockroaches
  11 goblins
  8 hobgoblins
  15 jackals
  5 quokkas
  6 ball pythons
  13 bats
  3 frilled lizards
  A giant cockroach zombie (D:6)
  2 jackal zombies (D:5)
  19 kobolds
  3 quokka skeletons
  28 rats
214 creatures vanquished.

Vanquished Creatures (collateral kills)
  A gnoll (D:8)
1 creature vanquished.

Vanquished Creatures (others)
  A dancing weapon (D:8)
  5 plants (D:8)
6 creatures vanquished.

Grand Total: 221 creatures vanquished

Notes
Turn   | Place    | Note
-------+----------+-------------------------------------------
     0 | D:1      | ImaNewbie the Kobold Enchanter began the quest for the Orb.
     0 | D:1      | Reached XP level 1. HP: 10/10 MP: 3/3
   149 | D:1      | Reached XP level 2. HP: 14/15 MP: 5/5
   633 | D:1      | Reached XP level 3. HP: 19/19 MP: 6/6
   997 | D:2      | Learned a level 2 spell: Ensorcelled Hibernation
  1001 | D:2      | Learned a level 3 spell: Tukima's Dance
  1704 | D:2      | Reached XP level 4. HP: 24/24 MP: 7/7
  1856 | D:2      | Found a hazy altar of Hepliaklqana.
  3177 | D:4      | Reached skill level 5 in Short Blades
  3198 | D:4      | Found Honos's Armour Boutique.
  3214 | D:4      | Reached skill level 5 in Stealth
  3214 | D:4      | Reached XP level 5. HP: 25/28 MP: 8/8
  3588 | D:4      | Reached XP level 6. HP: 29/32 MP: 6/9
  3671 | D:4      | Noticed an ogre
  3674 | D:4      | Killed an ogre
  3991 | D:5      | Entered Level 5 of the Dungeon
  3998 | D:5      | Reached skill level 5 in Hexes
  4069 | D:5      | Found an opulent altar of Gozag.
  4206 | D:5      | Noticed Grinder
  4260 | D:5      | Noticed an ice beast
  4263 | D:5      | Killed an ice beast
  4263 | D:5      | Reached skill level 6 in Stealth
  4263 | D:5      | Reached XP level 7. HP: 36/36 MP: 10/10
  4465 | D:5      | Found a glowing drain.
  4490 | Sewer    | Entered a sewer
  4844 | Sewer    | Reached skill level 7 in Stealth
  5915 | D:5      | Reached XP level 8. HP: 41/41 MP: 11/11
  6000 | D:6      | Reached skill level 8 in Stealth
  6100 | D:6      | Learned a level 3 spell: Confuse
  6209 | D:6      | Found a staircase to the Ecumenical Temple.
  6216 | Temple   | Entered the Ecumenical Temple
  6278 | Temple   | Became a worshipper of Dithmenos the Shadowed
  7301 | D:6      | Found a staircase to the Ecumenical Temple.
  7323 | D:6      | Reached skill level 9 in Stealth
  8057 | D:7      | Reached * piety under Dithmenos
  8193 | D:7      | Found a shattered altar of Ashenzari.
  8205 | D:7      | Found a sand-covered staircase.
  8213 | D:7      | Reached skill level 10 in Stealth
  8213 | D:7      | Reached XP level 9. HP: 45/45 MP: 12/12
  8976 | D:7      | Reached skill level 11 in Stealth
  9035 | D:7      | Learned a level 3 spell: Dazzling Spray
  9501 | D:8      | Identified Dibueck's Guide on Earth and the Voyage
  9547 | D:8      | Noticed senny's ghost (novice TrBe)
  9650 | D:4      | Bought the +2 robe of Uskayaw's Hope {MR++ MP+9 Stlth+} for 317 gold pieces
  9895 | D:6      | Reached skill level 12 in Stealth
  9895 | D:6      | Reached XP level 10. HP: 50/50 MP: 13/13
 10549 | D:8      | Killed senny's ghost
 10549 | D:8      | Reached skill level 5 in Dodging
 10551 | D:8      | Reached ** piety under Dithmenos
 10628 | D:8      | Reached skill level 10 in Hexes
 10735 | D:9      | Found a sacrificial altar of Ru.
 10893 | D:9      | Reached skill level 13 in Stealth
 10906 | D:9      | Found a runed door.
 10934 | D:9      | Noticed a seven-headed hydra
 10939 | D:9      | HP: 1/50 [seven-headed hydra (12)]
 10939 | D:9      | Mangled by a seven-headed hydra

Skill      XL: |  1  2  3  4  5  6  7  8  9 10 |
---------------+-------------------------------+-----
Short Blades   | 2 3 4 5 |  5.5
Stealth        | 5 6 7 10 12 13 | 13.1
Hexes          | 5 6 7 9 10 | 10.2
Dodging        | 3 6 |  6.5
Spellcasting   | |  2.1

Action                   |  1- 3 |  4- 6 |  7- 9 | 10-12 || total
-------------------------+-------+-------+-------+-------++-------
Melee: Dagger            |   122 |       |       |       ||   122
       Short sword       |     6 |   105 |   381 |    93 ||   585
 Cast: Corona            |     5 |     1 |     6 |       ||    12
       Ensorcelled Hiber |     5 |     5 |    18 |    10 ||    38
       Confuse           |       |       |     7 |     6 ||    13
       Tukima's Dance    |       |       |       |     7 ||     7
       Dazzling Spray    |       |       |       |     2 ||     2
  Use: Scroll            |       |    13 |     1 |       ||    14
       Potion            |       |       |     1 |       ||     1
 Stab: Sleeping          |     8 |    12 |    26 |    20 ||    66
       Confused          |       |       |     5 |     4 ||     9
       Distracted        |       |       |     2 |       ||     2
  Eat: Chunk             |    11 |     8 |    17 |     9 ||    45
Armor: Robe              |    16 |    31 |    71 |    17 ||   135
Dodge: Dodged            |    81 |    70 |   223 |    74 ||   448
